 Dungeon Crawl Stone Soup version 0.28-a0-697-g47f3eba078 (webtiles) character file.

Game seed: 12070927978234276912

54 freelancePsychic the Chiller (level 3, -1/23 (27) HPs)
             Began as a Merfolk Ice Elementalist on Oct 23, 2021.
             Slain by a kobold brigand (3 damage)
             ... on level 3 of the Dungeon.
             The game lasted 00:04:29 (1858 turns).

freelancePsychic the Chiller (MfIE)                 Turns: 1858, Time: 00:04:30

HP:   -1/23 (27)    AC:  3    Str:  8    XL:     3   Next: 91%
MP:   4/6           EV: 13    Int: 15    God:
Gold: 49            SH:  0    Dex: 14    Spells: 2/6 levels left

rFire   . . .      SeeInvis .   (no weapon)
rCold   . . .      Faith    .   (no shield)
rNeg    . . .      Spirit   .   a - +1 robe
rPois   .          Reflect  .   (no helmet)
rElec   .          Harm     .   (no cloak)
rCorr   .          Rampage  .   (no gloves)
Will    .....                   (no boots)
Stlth   ++........              h - amulet of magic regeneration
HPRegen 0.07/turn               (no ring)
MPRegen 0.35/turn               (no ring)

@: weak-willed, freezing walls, slowed, heavily drained, very slow
A: (nimble swimmer 2), mertail
a: no special abilities


You were on level 3 of the Dungeon.
You visited 1 branch of the dungeon, and saw 3 of its levels.

You collected 49 gold pieces.

Inventory:

Armour
 a - a +1 robe (worn)
Jewellery
 h - an amulet of magic regeneration (around neck)
Scrolls
 k - 2 scrolls of enchant armour
Potions
 b - 2 potions of attraction
 e - 3 potions of heal wounds {unknown}
 f - 2 potions of curing {@q1}
 g - a potion of ambrosia {unknown}


   Skills:
 + Level 2.0 Fighting
 + Level 3.7 Dodging
 - Level 2.1 Stealth
 - Level 2.0 Spellcasting
 + Level 4.9 Ice Magic


You had 2 spell levels left.
You knew the following spells:

 Your Spells              Type           Power      Damage    Failure   Level
a - Freeze                Ice            64%        1d8       3%          1
b - Frozen Ramparts       Ice            32%        1d5       9%          3

Your spell library contained the following spells:

 Spells                   Type           Power      Damage    Failure   Level
 Ozocubu's Armour         Ice            16%        N/A       9%          3
 Hailstorm                Conj/Ice       8%         3d4       63%         4


Dungeon Overview and Level Annotations

Branches:
Dungeon (3/15)

Altars:
Gozag


Innate Abilities, Weirdness & Mutations

((You are quick and stealthy near water. (Stealth+, EV+, Speed+++)))
Your lower body shifts to a powerful aquatic tail in water.


Message History

A kobold brigand comes into view.
It is wielding a +1 short sword of draining and quivering curare-tipped darts.
The kobold brigand throws a curare-tipped dart.
The curare-tipped dart closely misses you.
You freeze the kobold!
You kill the kobold!
Found 29 stones.
Found an escape hatch in the floor.
Casting: Freeze (safe; 3% risk of failure)
Confirm with . or Enter, or press ? or * to list all spells.
The spell is quite dangerous to cast (9% risk of failure)!
Continue anyway?
Casting: Frozen Ramparts (quite dangerous; 9% risk of failure)
Press: ? - help, Dir - look around, f - activate The walls around you are covered in ice.
The wall freezes the kobold brigand.
The kobold brigand throws a curare-tipped dart.
The curare-tipped dart hits you.
You are poisoned.
You have difficulty breathing.
You feel yourself slow down.
It was a potion of curing.
You feel better.
The wall freezes the kobold brigand.
Casting: Frozen Ramparts (quite dangerous; 9% risk of failure)
Confirm with . or Enter, or press ? or * to list all spells.
Aiming: Freeze (safe; 3% risk of failure)
Press: ? - help, Shift-Dir - straight line, f - kobold brigand
Aim: a kobold brigand, wielding a +1 short sword of draining and quivering curare-tipped darts (lightly wounded)
You freeze the kobold brigand.
The kobold brigand is lightly wounded.
The wall freezes the kobold brigand.
The kobold brigand hits you with a +1 short sword of draining!
You feel drained.
The wall freezes the kobold brigand.
The kobold brigand hits you with a +1 short sword of draining!
* * * LOW HITPOINT WARNING * * *
You feel drained.
* * * LOW HITPOINT WARNING * * *
You feel better.
The wall freezes the kobold brigand.
The kobold brigand hits you with a +1 short sword of draining!
* * * LOW HITPOINT WARNING * * *
You feel drained.
You die...

### #. ..### # #
#.###...###.#
...##.#.........#
.......<.........
#...#............
...(#............
#........)......
#.##..@........#
# #.#K.........
.............#
...#.?#.......##
..#.#..........#
. ............
...........##
..>.. ......#


You could see a kobold brigand.

Vanquished Creatures
  2 dart slugs
  8 endoplasms
  3 giant cockroaches
  4 goblins
  5 hobgoblins
  6 kobolds
  5 ball pythons
  2 bats
  3 frilled lizards (D:1)
  6 rats
44 creatures vanquished.

Notes
Turn   | Place    | Note
-------+----------+-------------------------------------------
     0 | D:1      | freelancePsychic the Merfolk Ice Elementalist began the
                  | quest for the Orb.
     0 | D:1      | Reached XP level 1. HP: 13/13 MP: 3/3
   205 | D:1      | Reached XP level 2. HP: 20/20 MP: 3/5
   258 | D:1      | Reached skill level 1 in Fighting
   706 | D:1      | Found a faded altar of an unknown god.
   918 | D:1      | Reached XP level 3. HP: 23/26 MP: 2/6
  1549 | D:2      | Learned a level 3 spell: Frozen Ramparts
  1714 | D:2      | Found an opulent altar of Gozag.
  1747 | D:2      | Noticed a phantom
  1851 | D:3      | Noticed a kobold brigand
  1858 | D:3      | Slain by a kobold brigand

Illustrated notes

Levels and vault maps discovered:
D:1:      wander_arrival_abandoned_jail, layout_loops_ring,
          shapermc_ecumenical_altar_ellora, minmay_misc_feat_cross
D:2:      minmay_wonky_spiral, layout_loops_cross, basic_altar,
          minmay_misc_feat_encased, minmay_heptomino_h4
D:3:      layout_rooms, xom_teletrap_fun, ashenzari_conservatory_becter,
          serial_shops, shop, roderic_serpentine_path

Skill      XL: |  1  2  3 |
---------------+----------+-----
Dodging        | 3 |  3.7
Fighting       | 1 2 |  2.0
Stealth        | |  2.1
Spellcasting   | |  2.0
Ice Magic      | |  4.9

Action                   || total
-------------------------++-------
Melee: Unarmed           ||    21
 Cast: Freeze            ||    62
       Frozen Ramparts   ||     1
  Use: Scroll            ||     6
       Potion            ||     2
 Stab: Sleeping          ||     1
Armor: Robe              ||     9
Dodge: Dodged            ||    42

Table legend: (Time is in decaauts)
 A = Elapsed time spent in this place.
 B = Non-inter-level travel time spent in this place.
 C = Inter-level travel time spent in this place.
 D = Time resting spent in this place.
 E = Time spent auto-exploring this place.
 F = Levels seen in this place.
 G = Mean time per level.
                   A        B        C        D        E       F      G
               +--------+--------+--------+--------+--------+-----+--------+
         Total |   1858 |   1847 |     11 |      0 |   1433 |   3 |  619.3 |
       Dungeon |   1858 |   1847 |     11 |      0 |   1433 |   3 |  619.3 |
               +--------+--------+--------+--------+--------+-----+--------+

Top non-repeatable levels by time:
     D:1: 1430 daAuts
     D:2: 414 daAuts
     D:3: 13 daAuts
